[Event "French-ch Youth U18 2022"]
[Site "Agen"]
[Date "2022.04.20"]
[Round "5.6"]
[White "Lordier, Sophia"]
[Black "Tomasi, Elise"]
[Result "0-1"]
[ECO "D00"]
[WhiteElo "1725"]
[BlackElo "1988"]
[Annotator "TA"]
[PlyCount "112"]
[EventDate "2022.04.17"]
[EventType "swiss"]
[EventCountry "FRA"]
[SourceTitle "playchess.com"]
[Source "ChessBase"]
[SourceQuality "1"]
[TimeControl "5400+30"]

1. d4 d5 2. Bf4 e6 3. Nf3 Bd6 4. e3 Nf6 5. Nbd2 O-O 6. Bd3 {[%emt 0:03:44] D02: 1 d4 d5 2 Nf3 sidelines, including 2...Nf6 3 g3 and 2...Nf6 3 Bf4.} c5 7. c3 b6 8. Qe2 {[%emt 0:04:09] The position is equal.} Bb7 9. Ne5 Qc7 {[%emt 0:04:59] [#]} 10. Qf3 $146 ({Predecessor:} 10. Bg3 Nbd7 11. f4 Ne4 12. Nxd7 Qxd7 13. Nxe4 dxe4 14. Bc4 Qc7 15. O-O Rac8 16. Bb3 {1-0 (42) Kowalski,I (2355)-Fiedorek,M (2176) Pokrzywna 2020}) 10... Nbd7 11. Nxd7 Nxd7 12. Qh3 g6 13. Bh6 Rfe8 14. O-O e5 15. dxe5 (15. f4 $14) 15... Nxe5 $11 16. Bb5 {[%emt 0:06:50] [#]} Bc8 $1 17. Qh4 Bd7 18. Bxd7 (18. Qf6 {keeps more tension.} Bf8 19. Bxf8 Rxf8 20. a4) 18... Nxd7 19. Rae1 f5 20. c4 $40 {[%emt 0:01:29][%mdl 128] White is up to no good.} Ne5 21. cxd5 Ng4 (21... Nd3 $11) 22. Nf3 $14 Re4 {[%emt 0:02:08] Against Bf4} (22... Nxh6 $14 23. Qxh6 Bf8) 23. Qh3 $2 (23. Bf4 $1 $18) 23... Rae8 24. Rd1 b5 ({Black should try} 24... Qd7 $14) 25. Bg5 ({White should play} 25. Ng5 $16) 25... Kg7 26. g3 h6 27. Bf4 Bxf4 (27... g5 $14) 28. gxf4 $16 Rd8 29. Qg3 {[%emt 0:00:27] Strongly threatening Nh4.} Rd6 (29... Kh7 $142 30. Qh3 (30. h3 Nf6 $16) 30... Kg8) 30. h3 $18 Nf6 31. Ne5 Nd7 (31... Nh5 $142 32. Qg2 Kh7) 32. Rd2 (32. f3 $18 Ra4 33. e4) 32... Qd8 $2 (32... Qa5 $16 33. Rdd1 Qb4) 33. Rfd1 (33. f3 $18 Ra4 34. b3) 33... Qe8 34. Nc6 (34. f3 $18 Rxe3 35. Qf2 Rxe5 36. fxe5 Qxe5 37. f4) 34... Nf6 35. Ne5 (35. Nxa7 Ra4 36. Nc6 Ne4 $17) (35. b3 $16) 35... Nd7 {[%emt 0:00:13][%cal Rd7e5] [#]} 36. Nxd7 (36. f3 $1 $18 Rxe3 37. Qf2 Rxe5 38. fxe5 Qxe5 39. f4) 36... Qxd7 $16 37. Kf1 b4 38. Qf3 Kf6 (38... a5 $142) 39. Qe2 g5 40. Qh5 Qg7 41. fxg5+ hxg5 42. Rc1 c4 {[%emt 0:00:53] [#]} (42... Rh4 $16 {might work better.} 43. Qf3 Qh8) 43. Qf3 $2 (43. Rd4 $1 $18 ) 43... g4 ({Better is} 43... Qb7 $14) 44. hxg4 Rxg4 (44... Qxg4 $16 {keeps fighting.} 45. Qxg4 fxg4) 45. Ke2 Qc7 (45... a5 $16 46. Rdc2 Qg8) 46. Rdc2 $2 (46. Qh1 $18) 46... Qc5 (46... c3 $1 $11 47. Qh1 Qc4+ 48. Ke1 Rh4) 47. Rd1 (47. Qh1 $16 Kg7 48. Rg1 (48. f3 Rh6 $11)) 47... Qb5 $11 ({But not} 47... c3 48. Rd3 $16) 48. Qh3 {[%emt 0:00:52] And now Qh8+ would win.} c3+ 49. Kf3 {[%emt 0:00:01] Black must now prevent Qh6+.} Qc4 (49... Rxd5 50. Qh8+ Kf7 51. Rh1) 50. Qh6+ Ke7 {[%emt 0:00:32] The board is on fire.} 51. Qh7+ Ke8 {[%emt 0:00:34] ( -> ...Qe4+)} 52. Qxf5 {[%emt 0:00:02][%mdl 8192] [#]} (52. Rd4 $11 Rxd4 53. Qg8+ Ke7 54. Qg7+ Kd8 55. Qxd4 Qxd4 56. exd4) 52... Rf6 $3 $19 {[%mdl 576] Deflection} 53. Qxf6 (53. Rd4 Rxf5+) 53... Qe4+ {[%emt 0:00:07] Black mates.} 54. Ke2 Qxc2+ 55. Rd2 Qxd2+ 56. Kf3 Qd1# {[%emt 0:00:13] Both players deserved the win here.  Weighted Error Value: White=0.59/Black=0.29 (precise)} 0-1

[Event "French-ch Youth U18 2022"]
[Site "Agen"]
[Date "2022.04.20"]
[Round "5.7"]
[White "Moracchini, Margaux"]
[Black "Courjal, Pauline"]
[Result "1-0"]
[ECO "B50"]
[WhiteElo "1994"]
[BlackElo "1976"]
[Annotator "TA"]
[PlyCount "59"]
[EventDate "2022.04.17"]
[EventType "swiss"]
[EventCountry "FRA"]
[SourceTitle "playchess.com"]
[Source "ChessBase"]
[SourceQuality "1"]
[TimeControl "5400+30"]

1. e4 c5 2. Nf3 d6 3. Nc3 Nf6 4. d4 cxd4 5. Qxd4 a6 6. Bg5 {[%emt 0:04:45] B53: Sicilian: 2...d6: Lines with Qxd4.} h6 {[%emt 0:12:10] [#]} (6... e6) (6... Nc6 $11 7. Qd3 h6 8. Bxf6 gxf6) 7. Bxf6 $146 ({Predecessor:} 7. Bh4 g5 8. Bg3 Bg7 9. O-O-O Nc6 10. Qd2 Be6 11. h4 g4 12. Nd4 Nxd4 13. Qxd4 {0-1 (46) Durnev,V (2043)-Roschupkin,V Rodatychi 2006}) 7... gxf6 8. Bc4 {[%emt 0:08:33] &Bianco is more active. White is slightly better.} e6 9. a4 Nc6 10. Qd2 h5 11. Rd1 Rg8 12. O-O Qc7 13. Ne2 (13. Rb1 $14) 13... Rg4 (13... Ne5 $15 14. Nxe5 fxe5) 14. Bd3 (14. Nf4 $14) 14... Ne5 {[%emt 0:05:46] [#] ...Nxf3+ is the strong threat.} 15. Nfd4 Bd7 16. h3 Rg6 (16... Rg7 $11) 17. b3 (17. f4) ({White should try} 17. f4 $14) 17... Bh6 18. Qc3 (18. Qb4 $142) 18... Qc5 (18... Qxc3 $11 19. Nxc3 Ke7) 19. f4 (19. Qe1) ({Better is} 19. Qe1 $14) 19... Nxd3 20. Rxd3 Qb6 (20... Rg8 $11 {and Black is okay.}) 21. Kh1 $18 {[%emt 0:00:54] Black must now prevent f5.} Rc8 22. Qe1 {[%emt 0:02:35] Hoping for f5.} Bc6 $2 (22... Kf8 23. Ng3 h4) 23. Nxc6 Qxc6 {[%emt 0:04:05] [#]} 24. Nd4 $1 {[%emt 0:00:19] White is clearly winning.} Qc5 25. f5 Rg7 26. fxe6 Qg5 27. Qf2 {[%emt 0:01:26] aiming for Nf5.} Rg6 28. Nf5 Bf8 29. exf7+ Kxf7 30. Rg3 {[%emt 0:00:15] Weighted Error Value: White=0.25 (precise) /Black=0.57} 1-0

[Event "French-ch Youth U18 2022"]
[Site "Agen"]
[Date "2022.04.20"]
[Round "5.8"]
[White "Bellahcene, Sofia"]
[Black "Atli, Celine"]
[Result "1-0"]
[ECO "B34"]
[WhiteElo "1813"]
[BlackElo "1431"]
[Annotator "NA RC COMBH"]
[PlyCount "99"]
[EventDate "2022.04.17"]
[EventType "swiss"]
[EventCountry "FRA"]
[SourceTitle "playchess.com"]
[Source "ChessBase"]
[SourceQuality "1"]
[TimeControl "5400+30"]

1. e4 c5 2. Nf3 Nc6 3. d4 cxd4 4. Nxd4 g6 5. Nc3 Bg7 6. Nde2 Nf6 7. g3 O-O 8. Bg2 Rb8 9. a4 b6 10. O-O Bb7 $11 11. Bf4 d6 12. Qd2 Ng4 13. h3 Nge5 14. b3 Re8 15. Rad1 Nb4 16. Nd5 Nbc6 17. Bh6 Qc8 18. Bxg7 Kxg7 19. f4 Nd7 20. f5 Nce5 21. Nef4 Qc5+ 22. Kh2 Rbc8 23. c4 Bxd5 24. Nxd5 a6 25. Rc1 Qc6 26. g4 Nf6 27. Nxf6 exf6 28. Rcd1 Rcd8 29. g5 gxf5 30. gxf6+ Kh8 31. Rxf5 Qa8 32. Qd5 Qxd5 33. Rxd5 Re6 34. a5 Rb8 35. axb6 Rxb6 36. c5 Rc6 37. Rxd6 Rcxd6 38. cxd6 Nd7 39. e5 Rxe5 40. Rxe5 Nxe5 41. Bb7 a5 42. Bc8 h6 43. Kg3 Kh7 44. Bf5+ Kg8 45. d7 Nc6 46. Kg4 Kh8 47. Kh5 Nd8 48. Kxh6 Nc6 49. Kg5 Nd8 50. Kf4 1-0

[Event "French-ch Youth U18 2022"]
[Site "Agen"]
[Date "2022.04.21"]
[Round "6.1"]
[White "Decuigniere, Tom"]
[Black "Girel, Joseph"]
[Result "1/2-1/2"]
[ECO "A18"]
[WhiteElo "2292"]
[BlackElo "2394"]
[Annotator "TA"]
[PlyCount "73"]
[EventDate "2022.04.17"]
[EventType "swiss"]
[EventCountry "FRA"]
[SourceTitle "playchess.com"]
[Source "ChessBase"]
[SourceQuality "1"]
[TimeControl "5400+30"]

1. c4 e6 2. Nc3 Nf6 3. e4 d5 4. e5 d4 5. exf6 dxc3 6. bxc3 Qxf6 7. d4 e5 8. Nf3 Nc6 {[%emt 0:04:05][%cal Bb8c6,Bc6e7,Be7f5,Bf5e3][%mdl 32] A18: English Opening: Flohr-Mikenas System (1 c4 Nf6 2 Nc3 e6 3 e4).} 9. Qe2 Bg4 $1 {[%emt 0:02:37] And now ...0-0-0 would win.} 10. d5 Bxf3 11. gxf3 Ne7 12. Rb1 O-O-O {[%emt 0:06:17] [#]} 13. Be3 $146 (13. Qe4 $5 Qg6 14. h4 $11) ({Predecessor:} 13. Qb2 b6 14. Rg1 Qd6 15. a4 Kb8 16. a5 Nc8 17. Be3 g6 18. c5 Qxd5 19. cxb6 cxb6 20. axb6 axb6 21. Bxb6 Ba3 22. Ba7+ {1-0 (22) Perez Fungueiro,M (2295)-Adla,D (2470) Nigran 1998}) 13... Kb8 14. Bg2 ({Of course not} 14. Qb2 b6 $17) ({White should play} 14. h4 $1 $11) 14... Nf5 15. c5 ({Don't play} 15. Qb2 b6 16. O-O Nxe3 17. fxe3 Bc5 $17) 15... Nxe3 16. Qxe3 {[%cal Od5d6] Threatens to win with d6!} Rxd5 17. f4 $1 {[%emt 0:02:17] [#]} e4 ({Better is} 17... Bxc5 $1 $15 18. Rxb7+ Kc8) 18. Bxe4 $11 Bxc5 {[%emt 0:02:07] [#]} 19. Rxb7+ $1 Kc8 20. Qh3+ Kxb7 {[%emt 0:00:43] The position is equal.} 21. Bxd5+ c6 22. Qd7+ Kb8 23. Qxc6 Qxc3+ 24. Kf1 Qd3+ 25. Kg2 {[%emt 0:00:06][%csl Gd5][%cal Rc6b7] Chess con chili.} Qg6+ 26. Qxg6 fxg6 {[%emt 0:00:31][%cal Bf7g6,Bg6g5][%mdl 4128] Endgame KRB-KRB} 27. Rc1 Bb6 28. Bc4 Rc8 29. Rc2 Rc5 30. Bb3 Rf5 31. Rc4 g5 32. Bc2 Rxf4 33. Rxf4 gxf4 34. Bxh7 Kc7 35. Kf3 Kd6 36. Kxf4 Bxf2 37. Ke4 {Weighted Error Value: White=0.09 (flawless) /Black=0.07 (flawless)} 1/2-1/2

[Event "French-ch Youth U18 2022"]
[Site "Agen"]
[Date "2022.04.21"]
[Round "6.2"]
[White "Harutyunyan, Safar"]
[Black "Mathieu, Phileas"]
[Result "1-0"]
[ECO "B07"]
[WhiteElo "2217"]
[BlackElo "2323"]
[Annotator "TA"]
[PlyCount "57"]
[EventDate "2022.04.17"]
[EventType "swiss"]
[EventCountry "FRA"]
[SourceTitle "playchess.com"]
[Source "ChessBase"]
[SourceQuality "1"]
[TimeControl "5400+30"]

1. e4 d6 2. d4 Nf6 3. Nc3 g6 4. Be3 c6 5. h3 b5 6. a3 {[%emt 0:00:29] B07: Pirc Defence: Miscellaneous Systems.} Bg7 7. Nf3 O-O 8. Be2 {[%emt 0:00:37][%cal Bf1e2,Be2g4,Bg4e6][%mdl 32] The position is equal.} Nbd7 9. Qd2 Bb7 10. e5 Ne8 {[%emt 0:13:05][%cal Rd6e5] [#]} 11. e6 $146 ({Predecessor:} 11. O-O-O Nc7 12. Bh6 a5 13. h4 b4 14. Nb1 dxe5 15. h5 exd4 16. Bxg7 Kxg7 17. hxg6 {0-1 (17) Plutarco,F (800)-Caviglia,M (1129) LSS email 2014}) 11... fxe6 12. Ng5 (12. h4 $5 ) 12... Nc7 13. Bg4 e5 14. Be6+ Kh8 15. h4 (15. Nf7+ Rxf7 16. Bxf7 exd4 17. Bxd4 d5 18. Bxg7+ Kxg7 19. Bxg6 (19. Qf4 $2 e5 $19) 19... hxg6 $17) 15... exd4 ({Black should play} 15... Bf6 $1 $14 16. Bxd7 (16. Nf7+ Rxf7 17. Bxf7 exd4 $11) 16... exd4 17. Bxd4 e5) 16. Bxd4 $16 Bxd4 (16... Nf6 $16 {is a better defense.}) 17. Qxd4+ $18 Nf6 18. h5 $1 $36 {[%emt 0:06:24][%mdl 2048] White wants to mate with hxg6. Black is under strong pressure.} ({Inferior is} 18. Nf7+ Rxf7 $1 19. Bxf7 Qf8 $17) 18... c5 19. Qd3 c4 {[%emt 0:07:10] [#]} (19... gxh5 $2 20. Rxh5 $3 Rf7 21. Nxf7+ $18) (19... Bxg2 {was called for.} 20. Rh2 Nxe6 21. Nxe6 Qd7 22. Nxf8 Qg4) 20. Qd4 $1 {[%emt 0:02:39] aiming for hxg6.} Nxe6 21. Nxe6 {[%emt 0:00:06] Strongly threatening hxg6.} Qd7 22. Nxf8 Rxf8 23. hxg6 {[%emt 0:04:20] Black must now prevent Rxh7+.} e5 24. Qh4 ({Don't play} 24. Qxa7 Ra8 25. Qe3 Qg4 26. Nxb5 Bxg2 $18) 24... d5 25. Qh6 Qe7 (25... Qg7 {might work better.} 26. Qxg7+ (26. Nxb5 Qxh6 27. Rxh6 Kg7 $16) 26... Kxg7 27. gxh7 (27. Nxb5 hxg6 28. Nxa7 d4 $18) 27... a6) 26. Nxb5 Rg8 {[%emt 0:06:45] [#]} 27. Nd6 $1 {[%emt 0:01:29][%mdl 512] White threatens Nf7+ and mate.} Rb8 (27... Rg7 28. Nf5) 28. Nf5 Qe6 29. Qg7# {[%emt 0:00:02] Weighted Error Value: White=0.11 (very precise) /Black=0.66} 1-0

[Event "French-ch Youth U18 2022"]
[Site "Agen"]
[Date "2022.04.21"]
[Round "6.3"]
[White "Emmenecker, Pierre-Antoine"]
[Black "Maugenest, Ghislain"]
[Result "1-0"]
[ECO "C45"]
[WhiteElo "2119"]
[BlackElo "2256"]
[Annotator "TA"]
[PlyCount "124"]
[EventDate "2022.04.17"]
[EventType "swiss"]
[EventCountry "FRA"]
[SourceTitle "playchess.com"]
[Source "ChessBase"]
[SourceQuality "1"]
[TimeControl "5400+30"]

1. e4 e5 2. Nf3 Nc6 3. d4 exd4 4. Nxd4 Nf6 5. Nxc6 bxc6 6. e5 Qe7 7. Qe2 Nd5 8. h4 f6 {[%emt 0:01:32] C45: Scotch Game.} 9. c4 Ba6 10. Rh3 (10. exf6 Nxf6 11. Nc3) 10... fxe5 {[%emt 0:09:34] Black has an edge.} 11. Bg5 $1 Nf6 12. Re3 O-O-O 13. Ra3 Bb7 14. Rxa7 Qb4+ 15. Nc3 {[%emt 0:06:50] [#]} d5 $146 {[%emt 0:08:23] And now ...d4 would win.} ({Predecessor:} 15... Qb6 16. Be3 Bc5 17. Bxc5 Qxc5 18. Ra4 Rhe8 19. O-O-O d5 20. g3 d4 21. Ne4 Nxe4 22. Qxe4 {½-½ (39) Darini,P (2497)-Sibashvili,G (2418) Bandar e Anzali 2018}) 16. O-O-O (16. Qxe5 $2 Re8 17. Qxe8+ Nxe8 $19) 16... Qb6 17. Ra4 h6 $132 {[%emt 0:00:30][%mdl 2048] Black puts up resistance} 18. Bd2 {[%emt 0:08:01] Black should prevent cxd5.} d4 19. Ne4 c5 20. Nxf6 gxf6 21. Qg4+ Kb8 22. Ra3 e4 {[%emt 0:05:51][%cal Of6f5] Against Bd3} 23. Rb3 Qc6 24. f3 Re8 {[%emt 0:07:25] Strongly threatening ...h5.} 25. fxe4 Bd6 26. Be2 Be5 (26... Qxe4 $2 27. Qxe4 Rxe4 28. Bf3 $18) (26... Rxe4 $2 27. Bf3 Rhe8 28. Bxh6 $18 (28. Bxe4 Rxe4 29. Qf3 f5 $18)) 27. h5 Reg8 {[%emt 0:01:33] [#]} 28. Qh3 {[%emt 0:00:27] 0x0.001e7f237ef4dp-1022s more active pieces.} (28. Qf3 $6 Rg3 29. Qf5 Rxg2 $11) 28... Rg7 (28... Qxe4 $2 29. Bf3 Rg3 30. Bxe4 $18) 29. g4 Qd6 (29... Qxe4 $2 30. Bf3 Ka8 31. Bxe4 $18) 30. Rf1 Ka7 (30... Rgg8 $16 31. Rb5 d3 32. Qxd3 (32. Bxd3 Rxg4 33. Qe3 Rhg8 $11) 32... Qxd3 33. Bxd3 Rxg4) 31. Rb5 (31. Qd3 $18) 31... Ra8 $2 {[%emt 0:00:32] Loses the game.} (31... d3 $16 32. Qxd3 (32. Bxd3 Rxg4 33. Qe3 Rg3 $11) 32... Qxd3 33. Bxd3 Rxg4) 32. Bxh6 Rh7 (32... d3 $142 33. Qxd3 (33. Bxg7 $2 {perishes.} dxe2 34. Bh6 Rd8 $19) 33... Qxd3 34. Bxd3 Rxg4 35. Rxc5 Rd8) 33. Bd2 $18 c6 $2 (33... Kb8 34. Kb1 Ra6) 34. Ra5+ Kb8 35. Rxa8+ Bxa8 36. h6 Bb7 37. Rf3 Qe6 38. g5 Qxh3 39. Rxh3 {[%emt 0:00:01] Black must now prevent g6.} fxg5 40. Bxg5 Bc8 41. Rb3+ Kc7 42. Bh5 Be6 43. Bg6 Rh8 44. h7 {[%emt 0:00:34] Against Rg8} Bxc4 45. Ra3 Kb6 46. Rf3 {[%emt 0:00:34] Against Rf8} Bxa2 (46... Bg8 {keeps fighting.} 47. hxg8=N Rxg8) 47. Bf6 Bxf6 48. Rxf6 {[%emt 0:00:01][%mdl 4096] Endgame Hoping for e5. KRB-KRB} Kc7 (48... Bg8 $142 49. hxg8=N Rxg8) 49. e5 Bd5 50. Bf5 c4 51. Kd2 Re8 52. Rh6 Rh8 53. Rd6 {[%emt 0:00:13] Threatens to win with Rd7+.} Kb6 54. e6 {[%emt 0:00:51] Threatening mate with e7.} Kc5 55. Rd7 {[%emt 0:00:15] e7 is the strong threat.} Kb4 56. e7 {[%emt 0:00:09] White mates.} c3+ 57. bxc3+ dxc3+ 58. Ke3 Bf7 59. Rd8 Be8 60. Rb8+ Kc5 {[%emt 0:00:22] [#]} 61. Bg6 $1 Bxg6 (61... c2 62. Kd2) 62. Rxh8 c2 {[%emt 0:00:03] Weighted Error Value: White=0.09 (flawless) /Black=0.36} 1-0

[Event "French-ch Youth U18 2022"]
[Site "Agen"]
[Date "2022.04.21"]
[Round "6.4"]
[White "Mas, Victor"]
[Black "Bernard, Louis"]
[Result "1-0"]
[ECO "D34"]
[WhiteElo "2190"]
[BlackElo "2094"]
[Annotator "TA"]
[PlyCount "148"]
[EventDate "2022.04.17"]
[EventType "swiss"]
[EventCountry "FRA"]
[SourceTitle "playchess.com"]
[Source "ChessBase"]
[SourceQuality "1"]
[TimeControl "5400+30"]

1. d4 d5 2. c4 e6 3. Nf3 c5 4. cxd5 exd5 5. g3 Nf6 6. Bg2 Be7 7. O-O O-O 8. Nc3 Nc6 9. Be3 {[%emt 0:08:49] 9.dxc5 is setting a new trend.} c4 10. Ne5 h6 11. Qa4 {[%emt 0:03:52] D34: Tarrasch Defence: 6 g3 Nf6 7 Bg2 Be7.} (11. b3) 11... Bd7 {[%emt 0:06:13] Strongly threatening ...Nxe5.} 12. Nxd7 (12. Qc2 $5 ) 12... Qxd7 13. b3 {[%emt 0:12:53] The position is equal.} cxb3 14. Qxb3 Rfd8 15. Rab1 b6 16. Rfc1 {[%emt 0:04:42][%cal Oc3d5] [#]} Na5 $146 ({Predecessor:} 16... Rac8 17. Qa4 Bf8 18. Bd2 Qg4 19. e3 Na5 20. Nb5 Nc4 21. Bb4 Bxb4 22. Qxb4 a5 {1-0 (37) Coutton,S (2155)-De Lagontrie,J (2065) Cannes 1996}) 17. Qb5 Qe6 18. Bf4 Ba3 19. Re1 Rac8 20. Qd3 Bd6 21. Bc1 Bb8 22. Nd1 Nc4 23. Ne3 a6 24. a4 Qd7 25. Qb3 Ba7 26. h4 Nxe3 27. Bxe3 Rc4 28. Ra1 Rdc8 29. Reb1 Ne4 30. Bxe4 dxe4 31. d5 $2 (31. Kg2 $11) 31... Rc3 $1 $19 ({Inferior is} 31... Qxd5 32. Rd1 Qb7 33. Rd4 Rxd4 34. Bxd4 $11) 32. Qd1 {[%emt 0:00:09] [#]} Rxe3 $1 33. fxe3 Qh3 (33... Qg4 $1 $19 {[%cal Rg4g3] and Black stays clearly on top.} 34. Qf1 Rc2) 34. Qe1 (34. Qf1 $17 {was the only chance.} Qxg3+ 35. Qg2 Qxh4 36. d6) 34... b5 35. Rb3 b4 {[%emt 0:01:43] Hoping for ...a5.} 36. a5 (36. Qf2 $17 {was worth a try.} a5 37. Qf4) 36... Bb8 37. Qf2 Bxg3 38. Qg2 Qxh4 39. Rxb4 f5 (39... Re8 $15 40. Raa4 Re5 41. Rxe4 Bh2+ $1 42. Qxh2 Rg5+ 43. Rg4 Rxg4+ 44. Rxg4 Qxg4+ 45. Qg2 Qxg2+ 46. Kxg2 f6) 40. Rd1 (40. Rb6 $1 $11) 40... Bc7 (40... Rc2 $1 $15) 41. Rb7 $36 {[%emt 0:01:13][%mdl 2048] d6 is the strong threat. White fights for an advantage.} g5 (41... Bg3 $1 $11 {remains equal.}) 42. Rdb1 Bxa5 (42... h5 $14) 43. d6 (43. Qh2 $16) 43... Bd2 44. Qf2 Qg4+ (44... Qh3 $1 $11 {and Black has nothing to worry.} 45. d7 Rd8) 45. Kh1 $18 {[%emt 0:00:52] aiming for Qh2. The board is on fire.} Qh3+ 46. Qh2 Qxh2+ 47. Kxh2 {[%emt 0:00:04] Black must now prevent d7.} Bxe3 {[%emt 0:00:07][%mdl 4096] Endgame KRR-KRB} 48. d7 $2 (48. Rb8 $18 Bf4+ 49. Kg1) 48... Rd8 $11 49. Ra1 Bf4+ 50. Kg2 Kf7 51. Rxa6 h5 52. Rh6 {[%emt 0:04:39][%cal Oh6h8][%mdl 1024] Threatens to win with Rh8! White has compensation.} h4 53. Ra7 Ke7 (53... Kg7 $11 {keeps the balance.} 54. Raa6 Rxd7) 54. Rh7+ $16 Kd6 55. Ra6+ $1 Kc7 {[%emt 0:00:29] [#]} 56. Rf7 $1 {[%emt 0:00:01] White is more active.} Be3 57. Rxf5 Rxd7 58. Re6 Bf4 59. Rxe4 Rg7 (59... Kc6 $16 {was necessary.} 60. Re6+ Rd6 61. Rxd6+ Kxd6) 60. Kh3 $18 Kd6 61. Kg4 Re7 $2 (61... Rh7 62. Ra4 (62. e3 h3 $16) 62... Kc6) 62. Rf6+ Kd7 63. Rxe7+ Kxe7 {[%emt 0:00:01] KR-KB} 64. Ra6 Bd6 $2 (64... Kf7 $18 65. Rh6 Kg7) 65. Kxg5 {[%emt 0:00:35] White mates.} h3 {[%emt 0:00:05] [#]} 66. Kf5 $1 Kd7 67. Ra7+ Bc7 68. Ra3 h2 69. Rh3 Kc6 70. e4 Bg3 71. e5 Kd5 72. e6 Kd6 73. Kf6 Bh4+ 74. Rxh4 Kd5 {Both players deserved the win here.  Weighted Error Value: White=0.37/Black=0.33} 1-0

[Event "French-ch Youth U18 2022"]
[Site "Agen"]
[Date "2022.04.21"]
[Round "6.5"]
[White "Tomasi, Elise"]
[Black "Blanquet, Camille"]
[Result "1/2-1/2"]
[ECO "B53"]
[WhiteElo "1988"]
[BlackElo "1928"]
[Annotator "TA"]
[PlyCount "74"]
[EventDate "2022.04.17"]
[EventType "swiss"]
[EventCountry "FRA"]
[SourceTitle "playchess.com"]
[Source "ChessBase"]
[SourceQuality "1"]
[TimeControl "5400+30"]

1. e4 c5 2. Nf3 d6 3. d4 cxd4 4. Qxd4 Nc6 5. Bb5 Bd7 6. Bxc6 Bxc6 7. Nc3 Nf6 8. Bg5 e5 9. Qd3 Be7 10. O-O-O O-O 11. Bxf6 Bxf6 12. Qxd6 {[%emt 0:06:03] B53: Sicilian: 2...d6: Lines with Qxd4.} Qa5 13. a3 Rac8 14. Qb4 {[%emt 0:05:47] White is better.} Qc7 {[%emt 0:00:38][%cal Ob7b5] [#]} 15. Qb3 $146 {[%emt 0:00:55] Inhibits b5. White is more active.} ({Predecessor:} 15. Qd6 Qxd6 16. Rxd6 Be7 17. Rd3 f6 18. Nd2 Kf7 19. f3 Ke6 20. Rd1 Rfd8 21. Nf1 Rxd3 22. Rxd3 {½-½ (51) Dzhangirov,D-Iljin,T (2266) Kiev 2004}) 15... Rfd8 16. Rxd8+ Rxd8 17. g4 (17. h3 {is interesting.} Be7 18. Qc4 Qd6 19. Rd1) 17... Qe7 18. h4 ({White should try} 18. Qc4 $16) 18... h6 (18... Qc5 $14) 19. Qb4 (19. Qc4 $16) 19... Qe6 $1 $11 20. Rg1 Be7 21. Qa5 Qf6 $1 22. Qxe5 Qxf3 23. Qxe7 Re8 ({Don't do} 23... Rd4 24. Qc7 $11) (23... Qf4+ $11 24. Kb1 Rd2) 24. Qc5 $16 Bxe4 25. Nxe4 Qxe4 {[%emt 0:00:20][%mdl 4096] Endgame KQR-KQR} 26. Kb1 (26. Qxa7 $16 Qf3 27. Qd4) 26... b6 $11 27. Qc7 (27. Qd6 {with more complications.} Qf3 28. Qd7 Re2 29. Rg3) 27... Qd4 28. Qg3 Re2 29. f3 Qc5 ({Better is} 29... Qf2 $11 30. Qb8+ Kh7) 30. Rc1 {[%emt 0:00:37] Hoping for Qb8+.} a5 31. g5 {Black must now prevent gxh6.} Qe3 32. g6 (32. gxh6 $14 Qxh6 33. Re1) 32... fxg6 33. Qxg6 Qe6 (33... Re1 $11 {remains equal.} 34. Rxe1 Qxe1+ 35. Ka2 Qxh4) 34. Qg3 (34. Qxe6+ $16 Rxe6 35. c4) 34... Qc6 35. Qb8+ (35. f4 $14 {deserves consideration.}) 35... Re8 {[%emt 0:01:01] The position is equal.} 36. Qa7 Ra8 37. Qe7 {[%emt 0:00:22] [#] aiming for Rg1.} Re8 {[%emt 0:00:04] Weighted Error Value: White=0.25 (precise) /Black=0.21 (precise)} 1/2-1/2